 Dungeon Crawl Stone Soup version 0.32-a0-699-g1ee5eff69a (webtiles) character file.

Game seed: 885189034797616883

209 arcshroob the Changeling (level 5, -2/48 HPs)
             Began as an Oni Shapeshifter on Mar 13, 2024.
             Slain by Crazy Yiuf
             ... wielding a +4 quarterstaff of chaos
              (18 damage)
             ... on level 3 of the Dungeon.
             The game lasted 00:03:58 (2199 turns).

arcshroob the Changeling (Oni Shapeshifter)         Turns: 2199, Time: 00:03:59

Health: -2/48      AC:  3    Str: 18    XL:     5   Next: 87%
Magic:  5/5        EV:  9    Int: 11    God:
Gold:   129        SH:  5    Dex: 10    Spells: 4/4 levels left

rFire   . .          .
                       - Unarmed
rCold   . . .        (no shield)
rNeg    . . .        a - +0 animal skin
rPois   .            (helmet currently unavailable)
rElec   .            (cloak currently unavailable)
rCorr   .            (gloves unavailable)
SInv    .            (boots unavailable)
Will    .....        m - amulet of reflection
Stlth   +            (no ring)
HPRegen 0.28/turn    (no ring)
MPRegen 0.09/turn

%: reflection
@: beast-form
A: beast (slay +3), large, unfitting armour, horns 1, tough skin 1, double
potion healing, drunken brawling
a: Begin Untransformation


You were on level 3 of the Dungeon.
You were a hulking beast.
You visited 1 branch of the dungeon, and saw 3 of its levels.

You collected 129 gold pieces.

Inventory:

Hand Weapons
 l - the +1 rapier of the Wonderful God {antimagic, rPois}
   (You found it on level 2 of the Dungeon)

   rPois:     It protects you from poison.
Armour
 a - a +0 animal skin (worn)
Jewellery
 m - an amulet of reflection (around neck)
 s - an amulet of guardian spirit
Talismans
 c - a beast talisman (active)
 d - a flux talisman
Scrolls
 b - a scroll of revelation {unknown}
 e - 2 scrolls of enchant armour {unknown}
 f - 3 scrolls of identify {unknown}
 k - 3 scrolls of teleportation {unknown}
 o - a scroll of enchant weapon {unknown}
 p - a scroll of butterflies {unknown}
 q - a scroll of blinking {unknown}
Potions
 g - a potion of resistance {unknown}
 h - a potion of berserk rage {unknown}
 i - 2 potions of enlightenment {unknown}
 j - 2 potions of curing {unknown}
 n - 2 potions of haste {unknown}
 r - a potion of ambrosia {unknown}


   Skills:
 - Level 1.5 Fighting
 - Level 1.8 Dodging
 - Level 2.7 Unarmed Combat
 + Level 5.8 Shapeshifting


You had 4 spell levels left.
You didn't know any spells.
Your spell library contained the following spells:

 Spells                   Type           Power      Damage    Failure   Level
 Inner Flame              Hex/Fire       0%         N/A       71%         3
 Flame Wave               Conj/Fire      0%         2d4       98%         4
 Sticky Flame             Fire/Alch      0%         2d4       98%         4


Dungeon Overview and Level Annotations

Branches:
Dungeon (3/15)

Altars:

Annotations:
D:3 Crazy Yiuf


Innate Abilities, Weirdness & Mutations

You are a hulking beast.
Your limbs bulge with bestial killing power. (Slay +3)
You are too large for most types of armour.
You have a pair of small horns on your head.
You have tough skin. (AC +1)
You gain doubled healing and magic from potions.
Whenever you drink a healing potion, you attack all around you.


Message History

The hobgoblin hits you.
You hit the hobgoblin.
The hobgoblin is heavily wounded.
You block the hobgoblin's attack.
You hit the hobgoblin but do no damage.
The hobgoblin is heavily wounded.
The hobgoblin closely misses you.
You punch the hobgoblin!
You kill the hobgoblin!
You see here a hobgoblin corpse.
You now have 129 gold pieces (gained 16).
You see here a hobgoblin corpse.
g - a viscous dark potion You punch the plant!
The plant begins to die.
The plant is lightly damaged.
Found a stone.
You see here a stone.
Found a robe.
h - a coppery potion You see here a +0 robe.
Found a hammer.
Found a runed translucent door.
Crazy Yiuf says, "Ten verde sizzlefizz!"
You open the door. You hit Crazy Yiuf.
Crazy Yiuf is lightly wounded.
Crazy Yiuf laughs, "Candle!
Peeping noodlescoop chair."
Crazy Yiuf closely misses you.
You hit Crazy Yiuf but do no damage.
You headbutt Crazy Yiuf, but do no damage.
Crazy Yiuf is lightly wounded.
Crazy Yiuf hits you with a +4 quarterstaff of chaos.
You hit Crazy Yiuf but do no damage.
Crazy Yiuf is lightly wounded.
Crazy Yiuf twirls on the spot.
Crazy Yiuf hits you with a +4 quarterstaff of chaos!
You hit Crazy Yiuf.
Crazy Yiuf is moderately wounded.
Crazy Yiuf hits you with a +4 quarterstaff of chaos!!
You are electrocuted!!
You die...

#....###......#
#....# #......#
#....# ##...#.#
##...# #####.#
##.## #.# ##.#
#.# #.## #.# ##.#
######.# #h##
#......# #g#
#.####.# # ...
#.# #.# #######
#...# #.# #.#
......######
#)..# #.# #.#
##.........#
#####
#.####(#####
...##.######
#...........
...##.#
##...........
...##.#
#####...#########


You could see Crazy Yiuf.

Vanquished Creatures
  Sigmund (D:3)
  2 ribbon worms (D:2)
  6 endoplasms
  2 giant cockroaches
  7 goblins
  4 hobgoblins
  2 jackals (D:1)
  2 quokkas
  A ball python (D:2)
  A bat (D:1)
  3 frilled lizards
  5 kobolds
  6 rats
42 creatures vanquished.

Notes
Turn   | Place    | Note
-------+----------+-------------------------------------------
     0 | D:1      | arcshroob the Oni Shapeshifter began the quest for the Orb.
     0 | D:1      | Reached XP level 1. HP: 19/19 MP: 1/1
   229 | D:1      | Reached XP level 2. HP: 26/27 MP: 2/2
   962 | D:2      | Reached XP level 3. HP: 27/33 MP: 3/3
  1051 | D:2      | Identified the +1 rapier of the Wonderful God {antimagic,
                  | rPois}
  1284 | D:2      | Reached skill level 4 in Shapeshifting
  1928 | D:3      | Noticed Sigmund
  1952 | D:3      | Killed Sigmund
  1953 | D:3      | Reached skill level 5 in Shapeshifting
  1953 | D:3      | Reached XP level 4. HP: 41/41 MP: 4/4
  1953 | D:3      | Reached XP level 5. HP: 48/48 MP: 5/5
  2191 | D:3      | Found a runed translucent door.
  2192 | D:3      | Noticed Crazy Yiuf
  2199 | D:3      | Slain by Crazy Yiuf

Illustrated notes

Levels and vault maps discovered:
D:1:      giann_horns, layout_loops_corners
D:2:      layout_loops_corners, minmay_misc_feat_encased
D:3:      layout_loops_ring, shapermc_ecumenical_altar_mp_urbaneastern,
          grunt_ministairs_9, minmay_cut_off, uniq_crazy_yiuf_cottage,
          uniq_sigmund

Skill      XL: |  1  2  3 |
---------------+----------+-----
Shapeshifting  | 5 |  5.8
Fighting       | |  1.5
Dodging        | |  1.8
Unarmed Combat | |  2.7

Action                     |  1- 3 |  4- 6 || total
---------------------------+-------+-------++-------
  Melee: Unarmed           |    82 |    14 ||    96
         Headbutt          |     7 |     3 ||    10
         Punch             |     1 |       ||     1
    Use: Potion            |     3 |       ||     3
 Armour: Animal skin       |    42 |     6 ||    48
         Skin              |     9 |       ||     9
  Dodge: Dodged            |    21 |     3 ||    24
  Block: Other             |     4 |     2 ||     6

Table legend: (Time is in decaauts)
 A = Elapsed time spent in this place.
 B = Non-inter-level travel time spent in this place.
 C = Inter-level travel time spent in this place.
 D = Time resting spent in this place.
 E = Time spent auto-exploring this place.
 F = Levels seen in this place.
 G = Mean time per level.
                   A        B        C        D        E       F      G
               +--------+--------+--------+--------+--------+-----+--------+
         Total |   2193 |   2193 |      0 |     53 |   1691 |   3 |  731.0 |
       Dungeon |   2193 |   2193 |      0 |     53 |   1691 |   3 |  731.0 |
               +--------+--------+--------+--------+--------+-----+--------+

Top non-repeatable levels by time:
     D:1: 956 daAuts
     D:2: 940 daAuts
     D:3: 295 daAuts
